Map: Rooftop Terrace

Players

OBG

  • Race: Terran Terran
  • Spawn Location: 6:00

Eisvogel

  • Race: Protoss Protoss
  • Spawn Location: 7:00

CANCCGI

  • Race: Protoss Protoss
  • League: Silver
  • Spawn Location: 6:00

Axsalkira

  • Race: Terran Terran
  • League: Silver
  • Spawn Location: 5:00

Shadow - Winner!

  • Race: Protoss Protoss
  • Spawn Location: 11:00

Infamous - Winner!

  • Race: Protoss Protoss
  • League: Silver
  • Spawn Location: 12:00

Staff - Winner!

  • Race: Protoss Protoss
  • Spawn Location: 1:00

DawgDiesel - Winner!

  • Race: Zerg Zerg
  • Spawn Location: 12:00

VOD

Have the link to the VOD?

Description

Time

  • Played on: March 21, 2018, 11:28 a.m.
  • Length: 15:53
Show
View Real Time Build Order
Export as new Build Order

OBG Terran 

Build Orders:  

Get SALT Encoding   

  12  0:03  SCV  
  13  0:22  Supply Depot  
  13  0:47  Supply Depot  
  13  1:09  Supply Depot  
  13  1:29  Barracks  
  13  1:51  Command Center  
  13  1:56  Supply Depot  
  13  2:17  Supply Depot  
  13  2:22  Barracks  
  13  2:34  Refinery  
  13  2:40  Refinery  
  13  3:10  Barracks  
  13  3:12  Supply Depot  
  13  3:15  SCV x2  
  15  3:27  SCV x2  
  15  3:34  Supply Depot  
  17  3:52  Refinery  
  17  3:59  Engineering Bay  
  17  4:04  Barracks Reactor  
  17  4:05  Barracks Reactor  
  17  4:19  Supply Depot  
  18  4:40  Barracks Tech Lab  
  18  4:41  Supply Depot  
  17  4:52  Marine x3  
  18  4:54  Marine  
  18  4:59  Marine  
  22  5:05  SCV  
  23  5:17  SCV  
  24  5:27  Marine  
  24  5:28  Marine x3  
  28  5:37  Marine  
  29  5:45  Marine  
  29  5:46  Marine, SCV  
  29  5:49  SCV  
  33  5:58  SCV  
  33  6:00  Marine  
  33  6:01  SCV  
  36  6:22  Marine  
  36  6:23  Marine x4  
  36  6:40  Marine x5  
  41  6:58  Marine x3  
  41  6:59  Marine x2  
  46  7:09  Combat Shields  
  46  7:15  Marine  
  46  7:16  Marine x2  
  46  7:17  Marine  
  46  7:22  Marine  
  51  7:27  SCV  
  52  7:33  Marine  
  52  7:34  Marine x3  
  56  7:39  SCV  
  57  7:57  Marine  
  57  7:58  Marine x4  
  49  8:15  Marine  
  49  8:16  Marine x4  
  54  8:33  Marine  
  54  8:34  Marine x3  
  55  8:37  Stimpack  
  58  8:53  Factory  
  58  9:03  Barracks  
  58  9:04  Barracks  
  58  9:05  Barracks  
  58  9:13  Orbital Command  
  58  9:14  Orbital Command  
  58  9:28  Refinery  
  58  9:39  Marine  
  58  9:40  Marine x4  
  58  9:41  Factory Tech Lab  
  63  9:57  Marine, Starport, Barracks Reactor x3  
  63  9:58  Starport  
  64  10:12  Armory  
  64  10:18  Terran Infantry Weapons Level 1  
  45  10:53  Marine  
  45  10:54  Marine x10  
  36  11:11  Marine  
  36  11:12  Marine x6  
  43  11:25  Marine  
  43  11:26  Marine x3  
  43  11:29  Marine x4  
  43  11:30  Marine x3  
  54  11:41  SCV  
  54  11:45  Marine  
  56  11:48  Supply Depot  
  56  11:52  Medivac  
  56  11:53  SCV  
  59  11:55  Marine  
  59  11:58  Marine  
  61  12:05  SCV  
  62  12:12  Terran Infantry Armor Level 1  
  62  12:19  Terran Vehicle And Ship Armor Level 1  
  62  12:30  Siege Tank  
  62  12:32  Medivac  
  67  12:53  Supply Depot  
  67  12:54  Supply Depot x2  
  67  12:56  Marine  
  67  12:57  Marine  
  69  13:19  Supply Depot  
Show
View Real Time Build Order
Export as new Build Order

Eisvogel Protoss 

Build Orders: Blink Stalkers 

Get SALT Encoding   

  12  0:01  Probe  
  13  0:13  Probe  
  14  0:24  Pylon  
  14  0:25  Probe  
  15  0:39  Assimilator  
  15  0:42  Probe (Chrono Boost)  
  16  0:45  Gateway  
  16  0:54  Probe (Chrono Boost)  
  17  0:58  Probe (Chrono Boost)  
  18  1:09  Probe (Chrono Boost)  
  19  1:20  Assimilator  
  19  1:21  Probe (Chrono Boost)  
  20  1:27  Probe (Chrono Boost)  
  21  1:35  Probe  
  22  1:47  Probe  
  22  1:50  Cybernetics Core  
  23  2:12  Pylon  
  23  2:29  Gateway  
  23  2:30  Probe  
  23  2:36  Gateway  
  24  2:40  Stalker  
  24  2:42  Probe  
  27  2:49  Warp Gate  
  27  2:57  Twilight Council  
  27  3:05  Gateway  
  27  3:10  Pylon, Stalker  
  29  3:19  Probe  
  30  3:27  Stalker  
  30  3:28  Blink (Chrono Boost)  
  30  3:30  Pylon  
  32  3:36  Stalker  
  34  3:46  Stalker  
  36  3:50  Probe  
  36  3:52  Stalker  
  39  4:07  Robotics Facility  
  39  4:29  Stalker x2  
  43  4:49  Pylon  
  43  5:10  Pylon  
  43  5:21  Nexus  
  43  5:23  Forge  
  43  5:24  Pylon  
  43  5:25  Charge  
  43  5:31  Observer  
  44  5:46  Dark Shrine  
  44  5:52  Pylon, Warp Prism  
  46  6:10  Stalker x2  
  46  6:11  Stalker  
  34  6:48  Stalker  
  34  6:49  Stalker x2  
  40  7:00  Photon Cannon  
  40  7:02  Probe (Chrono Boost)  
  41  7:11  Pylon  
  41  7:13  Probe (Chrono Boost)  
  42  7:17  Probe (Chrono Boost)  
  43  7:29  Probe  
  44  7:37  Stalker x3  
  44  7:41  Probe  
  49  8:13  Photon Cannon  
  49  8:15  Photon Cannon  
  49  8:17  Stalker x2  
  51  8:30  Pylon  
  51  8:35  Pylon  
  51  8:38  Photon Cannon  
  51  9:01  Photon Cannon  
  51  9:02  Photon Cannon  
  51  9:05  Shield Battery  
  35  9:57  Photon Cannon, Stalker  
  35  9:58  Stalker, Photon Cannon  
  35  10:58  Stalker x3  
  35  10:59  Stalker  
  35  11:25  Stalker x2  
  37  12:04  Pylon  
  37  12:06  Pylon  
  35  12:21  Nexus  
  35  12:31  Photon Cannon x2  
  35  12:33  Shield Battery  
  35  12:35  Photon Cannon x2  
  35  12:57  Pylon  
  35  13:00  Pylon  
  35  13:31  Stalker  
  35  13:34  Stalker  
  3  14:03  Forge  
Show
View Real Time Build Order
Export as new Build Order

CANCCGI Protoss 

Build Orders:  

Get SALT Encoding   

  12  0:03  Probe  
  13  0:15  Probe  
  14  0:27  Pylon  
  14  0:28  Probe  
  15  0:45  Probe  
  15  0:46  Gateway  
  16  0:52  Assimilator  
  16  0:57  Probe  
  17  1:08  Forge  
  17  1:09  Probe  
  18  1:22  Probe  
  19  1:29  Pylon  
  19  1:35  Zealot  
  21  1:42  Probe  
  22  1:47  Photon Cannon  
  22  2:02  Zealot  
  22  2:07  Assimilator  
  24  2:14  Cybernetics Core  
  24  2:20  Probe  
  25  2:39  Zealot  
  25  2:43  Nexus  
  27  2:55  Pylon  
  27  3:02  Probe  
  28  3:06  Stalker  
  30  3:14  Stargate  
  30  3:23  Protoss Air Weapons Level 1  
  30  3:30  Pylon  
  30  3:36  Stalker  
  32  3:51  Robotics Facility  
  32  4:01  Probe  
  33  4:11  Stalker  
  33  4:13  Probe  
  30  4:25  Probe  
  31  4:33  Void Ray  
  31  4:37  Probe  
  36  4:41  Stalker  
  38  4:49  Probe  
  39  4:54  Immortal  
  43  5:01  Probe  
  44  5:11  Stalker  
  46  5:16  Pylon  
  46  5:19  Void Ray  
  50  5:34  Protoss Ground Armor Level 1  
  50  5:37  Probe  
  51  5:44  Assimilator  
  51  5:47  Assimilator  
  52  5:50  Probe  
  52  5:52  Zealot  
  54  6:02  Probe  
  54  6:03  Void Ray  
  59  6:14  Probe  
  52  6:43  Immortal, Stalker  
  52  6:46  Phoenix  
  50  6:52  Photon Cannon  
  44  7:04  Probe  
  45  7:09  Pylon  
  45  7:16  Probe  
  45  7:18  Stalker  
  48  7:23  Immortal  
  48  7:28  Probe  
  53  7:34  Phoenix  
  55  7:40  Probe  
  56  7:48  Zealot  
  58  7:52  Probe  
  58  7:58  Protoss Shields Level 1  
  59  7:59  Void Ray  
  59  8:01  Nexus  
  59  8:02  Immortal  
  59  8:04  Probe  
  66  8:37  Stalker  
  64  8:41  Immortal  
  64  8:42  Void Ray  
  60  9:00  Assimilator  
  56  9:03  Assimilator  
  48  9:20  Immortal, Stalker  
  54  9:25  Void Ray  
  54  9:29  Stargate  
  54  9:31  Nexus  
  56  9:38  Stargate  
  56  9:50  Stalker  
  62  10:00  Immortal  
  62  10:08  Void Ray  
  66  10:18  Pylon  
  66  10:20  Stalker  
  68  10:26  Probe  
  69  10:38  Probe  
  69  10:39  Immortal  
  74  10:47  Void Ray  
  78  10:50  Probe, Stalker  
  78  10:51  Void Ray  
  85  11:02  Probe  
  86  11:15  Probe  
  88  11:18  Observer  
  88  11:33  Void Ray x2  
  88  11:34  Stalker  
  102  11:40  Immortal  
  102  11:42  Probe  
  103  11:48  Void Ray  
  107  11:54  Probe  
  107  11:55  Probe  
  109  12:06  Probe  
  109  12:07  Probe  
  105  12:16  Void Ray x2  
  105  12:18  Probe  
  105  12:19  Probe, Observer  
  116  12:35  Probe x2  
  116  12:36  Pylon  
  109  12:40  Immortal  
  81  12:47  Pylon  
  81  12:48  Protoss Ground Weapons Level 1  
  81  12:50  Protoss Air Armor Level 1  
  81  12:54  Fleet Beacon  
  82  12:58  Probe  
  82  12:59  Void Ray  
  70  13:07  Stargate  
  70  13:10  Probe  
  71  13:17  Assimilator  
  71  13:19  Immortal  
  75  13:22  Probe, Assimilator  
  76  13:30  Void Ray  
  76  13:31  Void Ray  
  84  13:34  Probe  
  84  13:39  Anion Pulse-Crystals  
  85  13:42  Pylon, Void Ray  
  85  13:45  Pylon  
  85  13:46  Probe  
  90  13:55  Carrier  
  96  13:59  Probe  
  97  14:11  Probe  
  97  14:13  Carrier  
  97  14:14  Carrier  
  97  14:15  Stargate  
  110  14:20  Stargate  
  110  14:24  Stalker  
  110  14:25  Immortal, Void Ray  
  120  14:43  Pylon, Graviton Catapult  
  120  14:58  Photon Cannon  
  122  15:00  Photon Cannon  
  122  15:04  Immortal  
  132  15:26  Pylon  
  127  15:33  Pylon  
  106  15:43  Pylon  
Show
View Real Time Build Order
Export as new Build Order

Axsalkira Terran 

Build Orders:  

Get SALT Encoding   

  12  0:04  SCV  
  13  0:16  SCV  
  14  0:31  Supply Depot  
  14  0:33  SCV  
  15  0:37  Refinery  
  15  0:39  Refinery  
  15  0:59  Supply Depot  
  15  1:04  SCV  
  16  1:16  SCV  
  17  1:28  SCV  
  17  1:29  Barracks  
  18  1:40  SCV  
  19  1:52  SCV  
  20  2:04  SCV  
  20  2:08  Engineering Bay  
  21  2:25  Command Center  
  21  2:29  SCV  
  22  2:42  Barracks Reactor  
  22  2:47  Missile Turret  
  22  2:48  SCV  
  23  3:00  SCV  
  24  3:08  Missile Turret  
  24  3:20  Marine x2  
  26  3:36  Missile Turret  
  26  3:41  SCV  
  26  3:44  Command Center  
  27  3:53  SCV  
  28  3:55  Missile Turret  
  28  4:05  Missile Turret  
  28  4:26  Missile Turret  
  28  4:32  Marine x2  
  30  4:41  Factory  
  30  4:46  Missile Turret  
  30  4:49  Marine x2, SCV  
  33  4:57  Planetary Fortress  
  33  5:01  SCV  
  34  5:08  Sensor Tower  
  34  5:17  Bunker  
  34  5:29  Factory Tech Lab  
  34  5:35  Terran Infantry Armor Level 1  
  34  5:36  Orbital Command  
  34  5:37  Barracks  
  34  5:38  Orbital Command  
  35  5:47  Marine x2  
  36  5:50  Siege Tank  
  39  6:37  Barracks Tech Lab  
  39  6:54  Starport  
  39  6:58  Barracks  
  39  7:09  Refinery  
  39  7:11  Refinery  
  39  7:34  Marine x2  
  41  7:38  Combat Shields  
  41  7:41  Starport Reactor  
  41  7:52  Marine x2  
  41  7:56  Armory  
  43  8:10  Marine  
  44  8:41  Viking x2  
  48  8:44  Armory  
  48  8:50  SCV  
  49  9:02  SCV  
  50  9:11  Viking x2  
  50  9:14  SCV  
  55  9:26  SCV  
  55  9:28  Starport  
  55  9:30  Terran Infantry Armor Level 2  
  55  9:31  Barracks Reactor  
  56  9:33  Stimpack  
  56  9:35  Terran Vehicle Weapons Level 1  
  56  9:36  Terran Ship Weapons Level 1  
  56  9:38  SCV  
  56  9:40  Engineering Bay  
  56  9:41  Viking x2  
  61  10:14  Starport Reactor  
  55  10:38  Missile Turret  
  55  10:47  Missile Turret  
  55  11:45  Viking x2  
  59  11:49  Marine x2  
  61  12:16  Marine x2, Viking x2  
  67  12:34  Marine x2  
  69  12:46  Viking x2  
  73  12:57  Smart Servos  
  73  13:01  Terran Vehicle And Ship Armor Level 1  
  73  13:15  Marine x4  
  77  13:28  Supply Depot  
  77  13:50  Marine x4, Viking x2  
  77  13:52  Supply Depot  
Show
View Real Time Build Order
Export as new Build Order

Shadow Protoss - Winner!

Build Orders:  

Get SALT Encoding   

  12  0:01  Probe  
  13  0:13  Probe  
  14  0:21  Pylon  
  14  0:29  Assimilator  
  14  0:35  Pylon  
  14  0:37  Probe (Chrono Boost)  
  15  0:49  Probe (Chrono Boost)  
  16  0:55  Gateway  
  16  1:19  Assimilator  
  16  1:37  Probe (Chrono Boost)  
  17  1:47  Nexus  
  17  1:49  Probe (Chrono Boost)  
  18  1:54  Probe (Chrono Boost)  
  19  2:04  Probe  
  20  2:14  Cybernetics Core  
  20  2:16  Probe (Chrono Boost)  
  21  2:25  Zealot  
  21  2:28  Probe (Chrono Boost)  
  24  2:43  Pylon  
  24  2:49  Pylon  
  24  2:52  Zealot  
  26  2:59  Probe (Chrono Boost)  
  27  3:09  Probe (Chrono Boost)  
  27  3:10  Assimilator  
  27  3:12  Assimilator  
  28  3:14  Probe (Chrono Boost)  
  28  3:16  Warp Gate  
  29  3:26  Probe, Twilight Council  
  30  3:35  Stargate  
  30  3:38  Probe  
  31  3:41  Stargate  
  32  3:49  Probe (Chrono Boost)  
  32  3:52  Probe (Chrono Boost)  
  34  4:03  Probe (Chrono Boost)  
  34  4:08  Probe (Chrono Boost)  
  35  4:11  Dark Shrine  
  35  4:18  Probe  
  36  4:28  Pylon  
  36  4:29  Pylon  
  36  4:30  Probe  
  36  4:31  Pylon  
  37  4:36  Pylon  
  37  4:46  Forge  
  37  4:51  Probe (Chrono Boost)  
  38  5:02  Probe (Chrono Boost)  
  39  5:10  Probe (Chrono Boost)  
  39  5:14  Probe (Chrono Boost)  
  41  5:18  Probe (Chrono Boost)  
  43  5:21  Probe (Chrono Boost)  
  43  5:25  Probe (Chrono Boost)  
  43  5:26  Probe (Chrono Boost)  
  45  5:31  Photon Cannon  
  45  5:33  Photon Cannon  
  45  5:35  Photon Cannon  
  45  5:36  Photon Cannon  
  45  5:37  Probe  
  45  5:38  Photon Cannon  
  45  5:40  Photon Cannon  
  46  5:49  Probe  
  47  5:50  Photon Cannon  
  47  5:51  Photon Cannon  
  47  5:55  Photon Cannon  
  47  6:03  Protoss Shields Level 1 (Chrono Boost)  
  47  6:08  Shadow Stride  
  47  6:19  Stargate  
  47  6:20  Stargate  
  47  6:23  Stargate  
  47  6:30  Probe  
  48  6:38  Pylon  
  48  6:41  Pylon  
  48  6:45  Pylon  
  48  6:47  Pylon  
  48  6:54  Pylon  
  48  7:02  Gateway  
  48  7:04  Gateway  
  48  7:06  Gateway  
  48  7:07  Gateway  
  48  7:08  Gateway  
  48  7:10  Gateway  
  48  7:16  Gateway  
  48  7:31  Fleet Beacon  
  48  7:34  Pylon  
  48  7:36  Pylon  
  48  7:39  Pylon  
  48  7:52  Protoss Ground Armor Level 1 (Chrono Boost)  
  48  8:20  Dark Templar x3  
  48  8:21  Dark Templar x4  
  62  8:32  Carrier  
  68  8:36  Carrier  
  74  9:13  Dark Templar x4  
  82  9:25  Graviton Catapult  
  82  9:31  Protoss Ground Weapons Level 1  
  82  10:09  Carrier x2 (Chrono Boost)  
  68  11:26  Carrier  
  68  11:27  Carrier x2  
  86  11:36  Protoss Air Weapons Level 1 (Chrono Boost)  
  86  12:00  Stalker x3  
  86  12:01  Stalker  
  94  12:06  Zealot x3  
  100  12:23  Carrier  
  106  13:11  Carrier (Chrono Boost)  
  118  13:18  Carrier (Chrono Boost)  
  118  13:20  Protoss Air Armor Level 1 (Chrono Boost)  
  118  13:29  Zealot x2  
  118  13:30  Zealot x5  
  138  13:46  Carrier (Chrono Boost)  
  144  14:07  Carrier (Chrono Boost)  
  144  14:11  Zealot x6  
  144  14:12  Zealot  
  158  14:57  Pylon  
  158  15:02  Pylon  
  158  15:05  Pylon  
  158  15:07  Pylon  
Show
View Real Time Build Order
Export as new Build Order

Infamous Protoss - Winner!

Build Orders: 1 Gate Expand 

Get SALT Encoding   

  12  0:01  Probe  
  13  0:13  Probe  
  14  0:19  Pylon  
  14  0:25  Probe  
  15  0:38  Gateway  
  15  0:41  Probe (Chrono Boost)  
  16  0:52  Probe (Chrono Boost)  
  17  1:01  Assimilator  
  17  1:02  Probe  
  18  1:18  Probe  
  19  1:26  Nexus  
  19  1:30  Probe  
  20  1:43  Probe  
  21  1:55  Probe  
  21  2:00  Cybernetics Core  
  22  2:07  Pylon  
  21  2:11  Probe  
  22  2:26  Probe  
  23  2:34  Assimilator  
  23  2:40  Pylon  
  23  2:41  Probe  
  23  2:42  Probe  
  23  2:44  Stargate  
  25  2:54  Probe  
  25  2:55  Probe  
  27  3:07  Probe  
  27  3:08  Probe  
  29  3:16  Stargate  
  29  3:20  Warp Gate (Chrono Boost)  
  29  3:40  Probe x2  
  31  3:49  Assimilator  
  31  3:51  Pylon  
  31  3:52  Assimilator  
  31  3:54  Pylon  
  31  4:01  Forge  
  34  4:08  Probe (Chrono Boost)  
  34  4:09  Probe (Chrono Boost)  
  37  4:10  Void Ray (Chrono Boost)  
  37  4:19  Void Ray (Chrono Boost)  
  37  4:20  Probe (Chrono Boost)  
  37  4:21  Probe (Chrono Boost)  
  43  4:28  Stalker  
  45  4:35  Shield Battery  
  45  4:39  Photon Cannon  
  45  4:41  Shield Battery  
  45  4:44  Probe x2  
  45  4:45  Photon Cannon  
  51  5:03  Void Ray (Chrono Boost)  
  51  5:06  Protoss Air Weapons Level 1 (Chrono Boost)  
  51  5:08  Void Ray (Chrono Boost)  
  55  5:15  Probe  
  55  5:16  Probe  
  57  5:32  Pylon  
  57  5:35  Pylon  
  57  5:38  Probe  
  57  5:41  Probe  
  63  5:43  Void Ray (Chrono Boost)  
  63  5:53  Probe, Void Ray (Chrono Boost)  
  68  6:09  Photon Cannon  
  68  6:11  Photon Cannon  
  68  6:30  Probe x2  
  68  6:31  Void Ray x2 (Chrono Boost)  
  78  7:02  Fleet Beacon  
  78  7:09  Pylon  
  78  7:19  Protoss Air Armor Level 1 (Chrono Boost), Stargate  
  78  7:25  Void Ray x2 (Chrono Boost)  
  78  7:27  Probe x2  
  88  7:50  Probe x2  
  90  8:08  Void Ray (Chrono Boost)  
  90  8:11  Void Ray (Chrono Boost)  
  94  8:53  Stargate  
  94  8:57  Pylon  
  94  8:58  Pylon  
  94  9:01  Pylon  
  94  9:07  Void Ray  
  94  9:15  Void Ray x2  
  102  9:21  Probe x2  
  108  9:48  Void Ray (Chrono Boost)  
  108  9:53  Void Ray (Chrono Boost)  
  108  9:54  Cybernetics Core  
  112  10:07  Void Ray (Chrono Boost)  
  112  10:08  Probe x2  
  118  10:20  Pylon, Void Ray (Chrono Boost)  
  118  10:23  Pylon  
  118  10:25  Pylon  
  114  10:41  Mothership (Chrono Boost)  
  114  10:46  Probe  
  123  10:56  Void Ray x3  
  135  11:17  Void Ray  
  139  11:28  Nexus  
  139  11:30  Pylon  
  139  11:32  Pylon  
  139  11:35  Pylon  
  139  11:39  Pylon  
  139  11:41  Protoss Air Weapons Level 2 (Chrono Boost)  
  139  11:44  Protoss Air Armor Level 2 (Chrono Boost)  
  139  12:24  Void Ray (Chrono Boost)  
  147  12:31  Void Ray (Chrono Boost)  
  147  12:42  Void Ray (Chrono Boost)  
  155  12:54  Probe, Void Ray (Chrono Boost)  
  155  12:55  Probe x2  
  158  13:05  Assimilator, Void Ray (Chrono Boost)  
  158  13:07  Probe  
  158  13:09  Assimilator  
  167  13:16  Void Ray (Chrono Boost)  
  163  14:05  Void Ray (Chrono Boost)  
  163  14:06  Void Ray x2 (Chrono Boost)  
  179  14:12  Void Ray (Chrono Boost)  
  179  14:36  Probe x3  
  182  14:43  Void Ray (Chrono Boost)  
  186  14:48  Probe  
  183  15:00  Void Ray (Chrono Boost)  
Show
View Real Time Build Order
Export as new Build Order

Staff Protoss - Winner!

Build Orders: 1 Gate Expand 

Get SALT Encoding   

  12  0:02  Probe (Chrono Boost)  
  13  0:12  Probe (Chrono Boost)  
  14  0:17  Probe (Chrono Boost)  
  15  0:29  Pylon  
  15  0:47  Probe  
  16  0:56  Gateway  
  16  0:59  Probe  
  16  1:00  Forge  
  17  1:25  Nexus  
  17  1:47  Photon Cannon  
  17  1:50  Cybernetics Core  
  17  1:56  Probe (Chrono Boost)  
  18  2:01  Assimilator  
  18  2:06  Probe (Chrono Boost)  
  18  2:07  Assimilator  
  19  2:11  Probe (Chrono Boost)  
  21  2:23  Probe (Chrono Boost)  
  21  2:25  Assimilator  
  21  2:30  Probe (Chrono Boost)  
  22  2:40  Probe (Chrono Boost)  
  22  2:41  Probe (Chrono Boost), Assimilator  
  24  2:50  Probe (Chrono Boost)  
  26  2:52  Probe (Chrono Boost)  
  26  2:55  Probe (Chrono Boost)  
  27  3:01  Probe (Chrono Boost)  
  28  3:12  Probe (Chrono Boost)  
  29  3:17  Probe x2 (Chrono Boost)  
  31  3:22  Pylon  
  31  3:27  Probe  
  31  3:28  Probe  
  33  3:39  Probe  
  33  3:41  Probe  
  35  3:44  Stargate  
  35  3:45  Stargate  
  35  3:52  Photon Cannon  
  35  3:53  Probe (Chrono Boost)  
  38  4:03  Probe x2 (Chrono Boost)  
  40  4:11  Probe (Chrono Boost)  
  40  4:13  Probe (Chrono Boost)  
  40  4:16  Probe (Chrono Boost)  
  41  4:25  Probe  
  42  4:31  Photon Cannon  
  42  4:34  Pylon  
  42  4:38  Photon Cannon  
  42  4:43  Void Ray  
  46  4:52  Probe, Void Ray  
  51  4:59  Pylon  
  51  5:05  Probe  
  52  5:09  Protoss Air Weapons Level 1  
  52  5:11  Protoss Shields Level 1  
  52  5:17  Probe  
  53  5:23  Photon Cannon  
  53  5:26  Void Ray  
  57  5:33  Pylon  
  57  5:35  Void Ray  
  61  5:46  Nexus  
  61  5:54  Probe (Chrono Boost)  
  64  6:04  Probe (Chrono Boost)  
  64  6:06  Probe (Chrono Boost)  
  65  6:14  Probe x2 (Chrono Boost)  
  66  6:20  Void Ray  
  70  6:32  Pylon  
  70  6:38  Void Ray  
  70  6:39  Probe  
  67  7:03  Void Ray  
  67  7:06  Photon Cannon  
  71  7:10  Pylon  
  71  7:15  Stargate  
  71  7:21  Void Ray  
  75  7:23  Protoss Air Armor Level 1  
  75  7:53  Photon Cannon  
  75  7:56  Fleet Beacon  
  75  7:57  Void Ray  
  79  7:58  Void Ray  
  79  8:03  Void Ray  
  87  8:10  Shield Battery  
  87  8:15  Shield Battery  
  87  8:36  Photon Cannon  
  87  8:39  Void Ray  
  87  9:27  Void Ray x2  
  87  9:28  Void Ray  
  99  9:39  Protoss Air Weapons Level 2 (Chrono Boost)  
  99  9:47  Cybernetics Core  
  99  9:51  Pylon  
  99  9:53  Twilight Council  
  99  9:59  Photon Cannon  
  99  10:01  Pylon  
  99  10:06  Shield Battery  
  99  10:08  Shield Battery  
  99  10:10  Void Ray x2  
  107  10:19  Void Ray  
  111  10:21  Protoss Air Armor Level 2 (Chrono Boost)  
  111  10:22  Assimilator  
  111  10:25  Assimilator  
  111  10:53  Void Ray  
  111  10:55  Protoss Shields Level 2  
  115  10:59  Pylon  
  115  11:03  Pylon  
  115  11:12  Pylon  
  115  11:17  Void Ray x2  
  115  11:18  Stargate  
  123  11:20  Pylon  
  123  11:27  Pylon  
  123  11:28  Pylon  
  123  11:32  Pylon  
  123  11:35  Pylon  
  123  11:39  Void Ray  
  127  11:44  Protoss Air Weapons Level 3 (Chrono Boost)  
  127  12:00  Void Ray x2  
  135  12:04  Pylon  
  135  12:06  Pylon  
  135  12:09  Pylon  
  135  12:11  Void Ray  
  139  12:22  Void Ray  
  143  12:43  Void Ray x2  
  151  12:54  Void Ray  
  155  13:20  Void Ray  
  155  13:26  Void Ray x2  
  167  13:37  Void Ray  
  171  14:03  Void Ray  
  171  14:08  Void Ray x2  
  183  14:37  Void Ray  
  187  14:46  Void Ray  
  187  14:51  Void Ray x2  
Show
View Real Time Build Order
Export as new Build Order

DawgDiesel Zerg - Winner!

Build Orders: Pool First 

Get SALT Encoding   

  12  0:02  Drone  
  13  0:09  Drone  
  14  0:18  Overlord  
  14  0:35  Extractor, Overlord  
  13  0:38  Drone  
  13  0:39  Drone  
  15  0:52  Drone  
  16  1:01  Spawning Pool  
  15  1:09  Drone x2  
  17  1:24  Drone  
  18  1:45  Drone x2  
  20  1:48  Hatchery  
  19  1:57  Lair  
  19  2:09  Roach Warren  
  19  2:13  Drone  
  19  2:25  Drone  
  19  2:27  Drone, Extractor  
  20  2:33  Drone  
  21  2:54  Roach x2  
  25  2:59  Queen  
  25  3:02  Roach  
  29  3:08  Drone  
  29  3:09  Queen  
  29  3:12  Roach  
  34  3:16  Glial Reconstitution  
  34  3:20  Drone  
  35  3:29  Overlord  
  35  3:34  Drone  
  36  3:43  Pneumatized Carapace  
  36  3:49  Roach  
  36  3:50  Roach  
  40  3:56  Drone x2  
  40  3:57  Drone  
  43  4:08  Overlord  
  43  4:32  Roach  
  43  4:33  Roach x3  
  43  4:35  Overlord  
  43  4:36  Overlord x2  
  51  4:42  Tunneling Claws  
  51  4:49  Drone  
  52  4:53  Overlord  
  52  4:54  Overlord  
  52  4:58  Overseer  
  52  5:04  Overseer  
  54  5:07  Roach x3  
  58  5:15  Drone  
  58  5:16  Drone x2  
  58  5:19  Drone  
  58  5:20  Drone  
  63  5:26  Extractor  
  63  5:28  Extractor  
  61  5:35  Overseer  
  61  5:42  Evolution Chamber  
  60  5:44  Evolution Chamber  
  60  5:45  Evolution Chamber  
  60  5:46  Drone x4  
  60  5:48  Drone  
  63  6:00  Roach  
  63  6:01  Roach x2  
  69  6:23  Drone x2  
  69  6:24  Drone x4  
  59  6:51  Roach  
  59  6:52  Roach x7  
  75  7:12  Spore Crawler  
  75  7:15  Spore Crawler, Hatchery  
  73  7:16  Zerg Melee Weapons Level 1  
  73  7:17  Zerg Missile Weapons Level 1  
  73  7:18  Zerg Ground Armor Level 1  
  72  7:32  Drone  
  72  7:33  Drone  
  72  7:34  Drone  
  75  7:39  Drone x4  
  79  7:50  Roach  
  91  7:51  Roach x5  
  91  8:10  Drone  
  92  8:13  Overlord x2  
  92  8:14  Overlord x3  
  92  8:28  Infestation Pit  
  92  8:29  Drone  
  82  8:47  Roach  
  82  8:48  Roach x8  
  100  9:03  Drone  
  100  9:05  Queen  
  100  9:07  Drone  
  104  9:47  Drone  
  104  9:48  Drone x5  
  104  9:51  Drone  
  104  9:52  Drone x2  
  113  9:56  Extractor  
  113  9:57  Extractor  
  111  10:05  Burrow  
  111  10:08  Drone  
  86  11:06  Zerg Melee Weapons Level 2  
  86  11:07  Zerg Ground Armor Level 2, Zerg Missile Weapons Level 2  
  86  11:10  Hive  
  84  11:11  Roach  
  84  11:12  Roach x10  
  82  11:42  Roach  
  82  11:43  Roach x12  
  108  11:57  Drone  
  108  11:58  Drone x3  
  92  12:43  Roach  
  94  12:44  Roach x15  
  94  12:45  Roach x5  
  122  13:11  Roach x7  
  136  13:33  Roach  
  138  13:34  Overlord  
  138  13:35  Overlord x5  
  138  13:36  Overlord x2  
  138  13:45  Hatchery  
  138  13:48  Queen, Hatchery  
  138  13:50  Hatchery  
  137  13:57  Roach  
  137  13:58  Roach x8  
  155  14:03  Overseer  
  155  14:06  Overseer  
  155  14:15  Metabolic Boost  
  155  14:23  Queen  
  157  14:27  Roach x6  
  157  14:28  Roach x3  
  175  14:59  Queen  
Tags
 
Add a new tag
Caveats
  • Supply blocks, unpowered buildings, or Contaminate may cause inaccurate times.
  • Supply counts are checked every 10 seconds.